 Dungeon Crawl Stone Soup version 0.30.1 (webtiles) character file.

Game seed: 18041003326679358277

112 cdecastro the Cudgeller (level 4, -2/45 HPs)
             Began as a Troll Fighter on July 11, 2023.
             Slain by a kobold brigand
             ... wielding a +2 short sword of electrocution
              (5 damage)
             ... in a sewer.
             The game lasted 00:03:55 (1676 turns).

cdecastro the Cudgeller (Troll Fighter)             Turns: 1676, Time: 00:03:55

Health: -2/45      AC:  4    Str: 24    XL:     4   Next: 64%
Magic:  3/3        EV:  9    Int:  4    God:
Gold:   3          SH:  8    Dex: 11    Spells: 3/3 levels left

rFire   . . .        (no weapon)
rCold   . . .        c - +0 kite shield
rNeg    . . .        b - +0 robe
rPois   .            (helmet restricted)
rElec   .            (no cloak)
rCorr   .            (gloves unavailable)
SInv    .            (boots unavailable)
Will    .....        (no amulet)
Stlth   +            (no ring)
HPRegen 1.07/turn    (no ring)
MPRegen 0.08/turn

%: no passive effects
@: no status effects
A: large, unfitting armour, claws 3, regeneration 1, shaggy fur 1, tough skin 1
a: no special abilities


You were in a sewer.
You visited 1 branch of the dungeon, and saw 3 of its levels.
You also visited: Sewer.

You collected 83 gold pieces.
You spent 80 gold pieces at shops.

Inventory:

Hand Weapons
 a - a +0 flail
Missiles
 p - 6 curare-tipped darts (quivered)
 s - 5 poisoned darts
Armour
 b - a +0 robe (worn)
 c - a +0 kite shield (worn)
Scrolls
 e - 4 scrolls of enchant weapon {unknown}
 f - 2 scrolls of blinking {unknown}
 j - a scroll of torment {unknown}
 m - 3 scrolls of identify {unknown}
 n - a scroll of fear {unknown}
 o - a scroll of poison {unknown}
 t - a scroll of amnesia {unknown}
Potions
 d - a potion of might
 g - 3 potions of heal wounds {unknown}
 h - 3 potions of haste {unknown}
 i - 2 potions of berserk rage
 k - a potion of degeneration {unknown}
 l - 3 potions of curing
 q - a potion of brilliance {unknown}
 r - 2 potions of magic {unknown}
 u - a potion of cancellation {unknown}


   Skills:
 + Level 3.2 Fighting
 * Level 3.8 Maces & Flails
 - Level 2.4 Dodging
 - Level 2.6 Shields


You had 3 spell levels left.
You didn't know any spells.
Your spell library contained the following spells:

 Spells                   Type           Power      Damage    Failure   Level
 Magic Dart               Conj           0%         1d3       77%         1
 Lesser Beckoning         Tloc           0%         N/A       88%         2
 Searing Ray              Conj           0%         2d4       88%         2
 Gell's Gravitas          Tloc           0%         N/A       98%         3
 Teleport Other           Tloc           0%         N/A       98%         3
 Fulminant Prism          Conj/Hex       0%         3d5       100%        4


Dungeon Overview and Level Annotations

Branches:
Dungeon (3/15)              Sewer (1/1)

Altars:

Shops:
D:3 !


Innate Abilities, Weirdness & Mutations

You are too large for most types of armour.
You have claws for hands.
Your natural rate of healing is unusually fast.
You are covered in fur. (AC +1)
You have tough skin. (AC +1)


Message History

The kobold shouts!
The kobold brigand shouts!
Found a metallic green potion.
Found a gate leading back out of this place.
The kobold misses you. You block the kobold's attack.
You block the kobold's attack.
You closely miss the kobold brigand. You block the kobold's attack.
The kobold brigand hits you with a +2 short sword of electrocution.
You closely miss the kobold brigand.
The kobold hits you with a +0 short sword.
The kobold brigand hits you with a +2 short sword of electrocution.
You closely miss the kobold brigand. You block the kobold's attack.
The kobold brigand closely misses you.
You completely miss the kobold brigand. You block the kobold's attack.
You block the kobold brigand's attack.
You closely miss the kobold brigand. The kobold hits you but does no damage.
You block the kobold brigand's attack.
You barely miss the kobold brigand.
The kobold hits you with a +0 short sword.
The kobold brigand hits you with a +2 short sword of electrocution!
You are electrocuted!!
* * * LOW HITPOINT WARNING * * *
The kobold hits you with a +0 short sword.
* * * LOW HITPOINT WARNING * * *
You block the kobold brigand's attack.
You scratch the kobold brigand.
The kobold brigand is lightly wounded.
You block the kobold's attack.
The kobold brigand hits you with a +2 short sword of electrocution.
* * * LOW HITPOINT WARNING * * *
You closely miss the kobold brigand.
The kobold brigand is lightly wounded.
The kobold hits you with a +0 short sword.
* * * LOW HITPOINT WARNING * * *
You block the kobold brigand's attack.
You claw the kobold brigand!
The kobold brigand is heavily wounded.
The kobold hits you but does no damage.
The kobold brigand hits you with a +2 short sword of electrocution.
You die...

~~~~~~~P~P...P~~~#....#
##~~~~##########~######
~~~~~~~~~~~~~~~~~~~#
≈≈≈≈≈~≈≈≈≈≈~≈≈≈≈≈~≈#
~~~~~~~~~~~~~~~~~~~#
~#######~##############
~~P..P~P~~P~P.~~~#...!#
~~...~~~~~~....~~K..∩.#
~......P~~P...~~@K....#
.................#....#
.........P......## ####
...P............#
..............###
..........#####
#..####.### #### ###


You could see a kobold brigand and a kobold.

Vanquished Creatures
  4 adders (D:2)
  4 worms (D:3)
  A dart slug (D:2)
  3 endoplasms
  3 giant cockroaches
  4 goblins
  5 hobgoblins
  6 jackals
  16 kobolds
  4 ball pythons
  2 bats
  5 frilled lizards
  7 rats
64 creatures vanquished.

Notes
Turn   | Place    | Note
-------+----------+-------------------------------------------
     0 | D:1      | cdecastro the Troll Fighter began the quest for the Orb.
     0 | D:1      | Reached XP level 1. HP: 22/22 MP: 0/0
   261 | D:1      | Reached XP level 2. HP: 29/29 MP: 1/1
   772 | D:2      | Reached XP level 3. HP: 17/36 MP: 2/2
  1033 | D:2      | Reached XP level 4. HP: 39/45 MP: 3/3
  1311 | D:3      | Found Tutoroip's Distillery.
  1341 | D:3      | Bought a potion of curing for 30 gold pieces
  1341 | D:3      | Bought a potion of berserk rage for 50 gold pieces
  1355 | D:3      | Found a glowing drain.
  1397 | Sewer    | Entered a sewer
  1664 | Sewer    | Noticed a kobold brigand
  1675 | Sewer    | HP: 2/45 [kobold/+0 short sword (2)]
  1676 | Sewer    | Slain by a kobold brigand

Illustrated notes

Levels and vault maps discovered:
D:1:      co_arrival_square_in_a_square_in_a_square, layout_basic
D:2:      layout_basic
D:3:      layout_basic, nicolae_overflow_two_pavilions,
          mainiacjoe_overflow_alcove_4, serial_shops, shop,
          cheibrodos_sewer_entry_bend, serial_bayou_pond_b, st_stairs_8,
          mrwooster_statue_mirror
Sewer:    kennysheep_pipe_town

Skill      XL: |  1  2  3 |
---------------+----------+-----
Maces & Flails | 2 3 |  3.8
Fighting       | 3 |  3.2
Dodging        | |  2.4
Shields        | |  2.6

Action                     |  1- 3 |  4- 6 || total
---------------------------+-------+-------++-------
  Melee: Flail             |    53 |       ||    53
         Unarmed           |    43 |   125 ||   168
 Armour: Robe              |    35 |    51 ||    86
  Dodge: Dodged            |    30 |    47 ||    77
  Block: Kite shield       |    44 |    68 ||   112
